 Dungeon Crawl Stone Soup version 0.23.0 (webtiles) character file.

Game seed: 4092682481493034723

62 Infinimo the Insei (level 3, 0/26 HPs)
             Began as a Demonspawn Transmuter on Feb 10, 2019.
             Slain by Natasha (3 damage)
             ... on level 2 of the Dungeon.
             The game lasted 00:02:20 (1395 turns).

Infinimo the Insei (Demonspawn Transmuter)          Turns: 1395, Time: 00:02:21

Health: 0/26       AC:  2    Str: 10    XL:     3   Next: 85%
Magic:  3/6        EV: 19    Int: 15    God:
Gold:   94         SH:  0    Dex: 18    Spells: 2/6 levels left

rFire    . . .     SeeInvis .     - Unarmed
rCold    . . .     Gourm    .   (shield currently unavailable)
rNeg     . . .     Faith    .   (armour currently unavailable)
rPois    x         Spirit   .   (helmet currently unavailable)
rElec    .         Reflect  .   (cloak currently unavailable)
rCorr    .         Harm     .   (gloves currently unavailable)
MR       .....                  (boots currently unavailable)
Stlth    ++........             (no amulet)
HPRegen  0.08/turn              (no ring)
MPRegen  0.10/turn              (no ring)

@: spider-form, slowed, very slow
A: tiny, powered by death 1
a: End Transformation


You were on level 2 of the Dungeon.
You were not hungry.
You were a venomous arachnid creature.
You visited 1 branch of the dungeon, and saw 2 of its levels.

You collected 94 gold pieces.

Inventory:

Missiles
 a - 35 arrows
Armour
 b - a +0 robe (melded)
Jewellery
 k - an uncursed amulet of guardian spirit {unknown}
Scrolls
 e - a scroll of noise {unknown}
 g - a scroll of remove curse {unknown}
 m - a scroll of identify {unknown}
Potions
 f - a potion of degeneration {unknown}
 h - a potion of ambrosia {unknown}
 i - a potion of haste {unknown}
 j - 2 potions of curing {unknown}
 l - a potion of mutation {unknown}
Comestibles
 d - 3 rations


   Skills:
 - Level 1.0 Fighting
 - Level 1.7 Dodging
 * Level 3.9 Unarmed Combat
 - Level 2.0 Spellcasting
 + Level 2.6 Transmutations


You had 2 spell levels left.
You knew the following spells:

 Your Spells              Type           Power        Failure   Level  Hunger
a - Beastly Appendage     Tmut           #.....       21%         1    #......
b - Spider Form           Tmut/Pois      #.........   58%         3    ###....

Your spell library contained the following spells:

 Spells                   Type           Power        Failure   Level  Hunger
 Sticks to Snakes         Tmut           #.......     28%         2    ###....
 Ice Form                 Ice/Tmut       #.......     91%         4    #####..
 Blade Hands              Tmut           #.........   98%         5    ######.


Dungeon Overview and Level Annotations

Branches:
Dungeon (2/15)

Altars:
Sif Muna

Annotations:
D:2 Natasha, Terence


Innate Abilities, Weirdness & Mutations

((You have a pair of small antennae on your head.))
You regenerate a little health from kills.


Message History

Natasha hisses angrily.
Natasha is nearby!
Natasha is nearby!
Natasha zaps a wand.
The puff of flame hits you! Natasha casts a spell at you.
You feel yourself slow down. Natasha casts a spell at you.
The magic dart hits you!
You are too injured to fight recklessly!
Casting: Beastly Appendage (safe; 8% risk of failure)
Confirm with . or Enter, or press ? or * to list all spells.
You turn into a venomous arachnid creature.
Your +0 robe melds into your body.
Natasha zaps a wand.
The puff of flame hits you.
* * * LOW HITPOINT WARNING * * *
Natasha zaps a wand.
You hit Natasha.
Natasha is poisoned.
Natasha is moderately wounded.
Natasha closely misses you. Natasha claws you.
You die...

#.#.# #.#.# # ##.# #.#.#
.# #... #
#.#.##.######..# #####
##.#......... ..## #
..@..
...)..####.####..####.#.
#####
####..##.....##.........
.. #..#.......#.........
## #..#.......#.sh.# #.
#รท....._......### ## #.
##.#.......#..# .. ..
### #.#.......#...# #.
#. ..###.##.....##...>.
#.. #.
......####.####...###
#.. #.
#.###..[..........#
#.##..####. #.#
##########.#..#
#.......##. #.# ..#
#...<...


You could see Natasha.

Vanquished Creatures
  Natasha (D:2)
  A dart slug (D:1)
  2 giant cockroaches (D:1)
  6 hobgoblins
  3 jackals (D:1)
  A ball python (D:2)
  9 bats
  A frilled lizard (D:2)
  4 goblins (D:2)
  2 kobolds
  5 rats
35 creatures vanquished.

Notes
Turn   | Place    | Note
-------+----------+-------------------------------------------
     0 | D:1      | Infinimo the Demonspawn Transmuter began the quest for the
                  | Orb.
     0 | D:1      | Reached XP level 1. HP: 15/15 MP: 3/3
   272 | D:1      | Reached skill level 3 in Unarmed Combat
   316 | D:1      | Gained mutation: You regenerate a little health from kills.
                  | [demonic ancestry]
   316 | D:1      | Reached XP level 2. HP: 20/21 MP: 3/5
   751 | D:2      | Noticed Terence
   811 | D:2      | Gained mutation: You have a pair of small antennae on your
                  | head. [demonic ancestry]
   811 | D:2      | Reached XP level 3. HP: 24/26 MP: 6/6
  1181 | D:2      | Noticed Natasha
  1189 | D:2      | Killed Natasha
  1355 | D:2      | Learned a level 3 spell: Spider Form
  1367 | D:2      | Found a deep blue altar of Sif Muna.
  1389 | D:2      | Noticed Natasha
  1395 | D:2      | Slain by Natasha

Skill      XL: |  1 |
---------------+----+-----
Unarmed Combat | 3 |  3.9
Transmutations | 2 |  2.6
Fighting       | |  1.0
Dodging        | |  1.7
Spellcasting   | |  2.0

Action                   || total
-------------------------++-------
Melee: Unarmed           ||   117
       Kick              ||    15
       Headbutt          ||     2
       Punch             ||     2
 Cast: Beastly Appendage ||    16
       Spider Form       ||     1
 Stab: Sleeping          ||     1
  Eat: Chunk             ||     2
Armor: Robe              ||    26
Dodge: Dodged            ||    90
